 Dungeon Crawl Stone Soup version 0.18.1-48-g4cf74bf (webtiles) character file.

6018 Mesmaeker13 the Skirmisher (level 10, -7/86 HPs)
             Began as a Green Draconian Wizard on Aug 26, 2016.
             Was an Elder of Vehumet.
             Mangled by a spiny frog (10 damage)
             ... on level 1 of the Lair of Beasts.
             The game lasted 00:54:34 (13725 turns).

Mesmaeker13 the Skirmisher (DrWz)                  Turns: 13725, Time: 00:54:35

Health: -7/86      AC: 15    Str: 11    XL:     10   Next: 56%
Magic:  12/18      EV: 14    Int: 20    God:    Vehumet [****..]
Gold:   135        SH:  4    Dex: 10    Spells: 6 memorised, 3 levels left

rFire  . . .     SeeInvis .     I - +3 morningstar (protect)
rCold  . . .     Gourm    .     (armour unavailable)
rNeg   . . .     Faith    +     n - +0 buckler
rPois  +         Spirit   .     a - +0 hat
rElec  .         Dismiss  .     (no cloak)
rCorr  .         Reflect  .     N - +0 pair of gloves
SustAt .         Harm     .     l - +1 pair of boots
MR     .....                    t - amulet of faith
Stlth  ++........               (no ring)
                                f - ring of flight

@: not resistant to hostile enchantments, unstealthy
A: breathe noxious fumes, unfitting armour, poison resistance, cold-blooded, AC
+7
a: Breathe Noxious Fumes, Renounce Religion, Evoke Flight


You were on level 1 of the Lair of Beasts.
You worshipped Vehumet.
Vehumet was greatly pleased with you.
You were very hungry.

You visited 3 branches of the dungeon, and saw 12 of its levels.
You also visited: Sewer.

You collected 456 gold pieces.
You spent 321 gold pieces at shops.

Inventory:

Hand Weapons
 e - a +1 trident of freezing
 m - a +0 blowgun
 I - a +3 morningstar of protection (weapon)
 J - a +2 trident of freezing
Missiles
 x - 44 poisoned needles
Armour
 a - a +0 hat (worn)
 l - a +1 pair of boots (worn)
 n - a +0 buckler (worn)
 N - a +0 pair of gloves (worn)
Jewellery
 f - a ring of flight (left hand)
 t - an amulet of faith (around neck)
 L - an uncursed amulet of magic regeneration {unknown}
Scrolls
 h - 5 scrolls of amnesia
 i - a scroll of fog {unknown}
 j - a scroll of brand weapon
 q - 4 scrolls of blinking
 y - 4 scrolls of teleportation
 A - 2 scrolls of fear
 C - 3 scrolls of recharging
 F - a scroll of enchant weapon
 G - 2 scrolls of magic mapping
 H - a scroll of summoning
 K - a scroll of identify
 O - a scroll of enchant armour
Potions
 d - 4 potions of heal wounds
 k - 2 potions of agility
 p - 2 potions of lignification
 r - 2 potions of might
 s - a potion of curing
 u - 2 potions of ambrosia
 v - a potion of cure mutation
 w - 4 potions of flight
 z - 3 potions of degeneration {unknown}
 D - a potion of haste {unknown}
Books
 b - a book of Minor Magic

   Spells                             Type                      Level
   a - Magic Dart                     Conjuration                  1
   b - Blink                          Translocation                2
   c - Call Imp                       Summoning                    2
   d - Repel Missiles                 Charms/Air                   2
   e - Slow                           Hexes                        2
   f - Conjure Flame                  Conjuration/Fire             3
   g - Mephitic Cloud                 Conjuration/Poison/Air       3
Miscellaneous
 B - a crystal ball of energy
Comestibles
 c - 4 bread rations
 g - 6 fruits
 o - 4 meat rations
 E - 8 royal jellies
 M - 4 beef jerkies
 P - 2 slices of pizza


   Skills:
 - Level 7.5 Fighting
 + Level 1.7 Maces & Flails
 - Level 7.0 Dodging
 - Level 1.7 Stealth
 + Level 2.7 Shields
 + Level 5.6 Spellcasting
 + Level 6.7 Conjurations
 - Level 5.0 Summonings
 - Level 3.0 Translocations
 + Level 6.8 Poison Magic


You had 3 spell levels left.
You knew the following spells:

 Your Spells              Type           Power        Failure   Level  Hunger
a - Magic Dart            Conj           ####         1%          1    None
b - Call Imp              Summ           ####....     2%          2    None
c - Mephitic Cloud        Conj/Pois/Air  ###.....     2%          3    ##.....
d - Conjure Flame         Conj/Fire      ###.....     3%          3    ##.....
e - Blink                 Tloc           N/A          8%          2    None
f - Poison Arrow          Conj/Pois      ####......   52%         6    #######


Dungeon Overview and Level Annotations

Branches:
Dungeon (10/15)            Temple (1/1) D:4            Lair (1/8) D:9
    Orc (0/2) D:9

Altars:
Ashenzari
Cheibriados
Dithmenos
Elyvilon
Fedhas
Gozag
Kikubaaqudgha
Makhleb
Okawaru
Qazlal
Ru
Sif Muna
Trog
Vehumet
Xom
Yredelemnul
Zin
The Shining One

Shops:
D:4 *   D:8 ?   D:10 ?

Portals:
Trove: D:10 (lose all piety)

Annotations:
D:6 baljet's ghost, novice MfIE


Innate Abilities, Weirdness & Mutations

You can breathe blasts of noxious fumes.
Your lurid green scales are hard (AC +7).
Your body does not fit into most forms of armour.
Your system is resistant to poisons.
You are cold-blooded and may be slowed by cold attacks.


Message History

The spiny frog is almost dead.
You feel very sick. The spiny frog barely misses you.
Drink which item? (? for menu, Esc to quit)
You feel better. The spiny frog closely misses you.
Your crimson imp blinks!
The spiny frog stings you but does no damage.
You closely miss the spiny frog.
The spiny frog is almost dead.
The spiny frog stings you!
Your crimson imp blinks!
You hit the spiny frog but do no damage.
The spiny frog is almost dead.
The spiny frog stings you!!
* * * LOW HITPOINT WARNING * * *
The spiny frog barely misses you.
You completely miss the spiny frog.
Your tail-slap misses the spiny frog.
The spiny frog is almost dead.
The spiny frog stings you!
You die...

#####.##+####
.....
#....#..##.......
#.+.⌠..#.........
###.....##.##...#
###.....##...#
##........#
##...⌠...#
#........#
##.⌠@..H.#
#..F.5..#
#...⌠....#
#.........#
#...###....#
#..... #.....
#...#. #..⌠.
#.... ##.. #...#
+#


You could see a hippogriff (confused), a spiny frog and a friendly crimson imp.

Vanquished Creatures
  A cyclops (D:10)
  A centaur zombie (D:10)
  A troll (D:10)
  Grinder (D:5)
  Eustachio (D:5)
  5 yaks (D:9)
  A hungry ghost (D:10)
  2 soldier ants (D:10)
  2 orc warriors (D:9)
  3 ice beasts
  A phantom (D:4)
  2 wasps
  A sky beast (D:10)
  5 ogres
  5 centaurs
  A crocodile (D:10)
  2 big kobolds
  3 giant frogs
  A scorpion (D:9)
  A water moccasin skeleton (D:7)
  7 killer bees
  3 crimson imps
  3 jellies
  3 orc priests
  4 orc wizards
  2 giant frog skeletons (D:10)
  3 hounds
  An iguana (D:7)
  5 worker ants
  A hound zombie (D:5)
  4 hound skeletons
  3 gnolls (D:10)
  4 river rats (Sewer)
  15 adders
  2 shadow imps
  An ooze (Sewer)
  An adder skeleton (D:4)
  3 worms
  6 dart slugs
  6 giant geckos
  12 orcs
  6 bats
  4 giant cockroaches
  8 goblins
  6 hobgoblins
  10 jackals
  8 quokkas
  7 ball pythons
  A giant cockroach zombie (D:5)
  10 giant newts
  31 kobolds
  21 rats
241 creatures vanquished.

Vanquished Creatures (collateral kills)
  The ghost of utis the Conjurer, an amateur HuAE (D:3)
  2 hungry ghosts
  A big kobold (Sewer)
  Blork the orc (D:4)
  2 giant frogs
  A giant frog skeleton (D:5)
  2 worker ants
  A hound zombie (D:7)
  2 adders (D:4)
  3 river rats (Sewer)
  2 oozes
  A worm (D:4)
  3 giant cockroaches
  3 jackals
  2 kobolds (Sewer)
  3 rats (Sewer)
30 creatures vanquished.

Grand Total: 271 creatures vanquished

Notes
Turn   | Place    | Note
--------------------------------------------------------------
     0 | D:1      | Mesmaeker13 the Draconian Wizard began the quest for the Orb.
     0 | D:1      | Reached XP level 1. HP: 14/14 MP: 4/4
   477 | D:1      | Reached XP level 2. HP: 20/20 MP: 3/6
  1041 | D:1      | Reached XP level 3. HP: 25/26 MP: 0/8
  2135 | D:2      | Learned a level 2 spell: Call Imp
  2347 | D:2      | Reached XP level 4. HP: 33/33 MP: 6/10
  2611 | D:2      | Found a sacrificial altar of Ru.
  3131 | D:3      | Learned a level 3 spell: Mephitic Cloud
  3447 | D:3      | Reached XP level 5. HP: 39/39 MP: 11/11
  3520 | D:3      | Reached skill level 1 in Fighting
  3805 | D:3      | Found an ancient bone altar of Kikubaaqudgha.
  4112 | D:3      | Noticed utis's ghost (amateur HuAE)
  4293 | D:4      | Reached XP level 6. HP: 26/48 MP: 1/12
  4346 | D:4      | Found a staircase to the Ecumenical Temple.
  4349 | D:4      | Noticed Blork the orc
  4365 | D:4      | Killed Blork the orc
  4386 | Temple   | Entered the Ecumenical Temple
  4486 | Temple   | Became a worshipper of Vehumet
  4551 | D:4      | Found Plog's General Store.
  4567 | D:4      | Bought a scroll of magic mapping for 45 gold pieces
  4572 | D:4      | Found a glowing drain.
  4635 | Sewer    | Entered a sewer
  4760 | Sewer    | Learned a level 3 spell: Conjure Flame
  5031 | Sewer    | Reached * piety under Vehumet
  5031 | Sewer    | Offered knowledge of Sandblast by Vehumet.
  5121 | Sewer    | Your scales start taking on a lurid green colour.
  5121 | Sewer    | Reached XP level 7. HP: 48/56 MP: 0/13
  5121 | Sewer    | Gained mutation: Your system is resistant to poisons. [Green Draconian growth]
  5525 | Sewer    | Reached ** piety under Vehumet
  5525 | Sewer    | Offered knowledge of Throw Flame by Vehumet.
  6417 | D:3      | Offered knowledge of Stone Arrow by Vehumet.
  6520 | D:3      | Killed utis's ghost
  6614 | D:5      | Entered Level 5 of the Dungeon
  6624 | D:5      | Noticed Grinder
  6862 | D:5      | Noticed Eustachio
  6872 | D:5      | Killed Eustachio
  6872 | D:5      | Reached *** piety under Vehumet
  6872 | D:5      | Reached skill level 1 in Poison Magic
  6872 | D:5      | Reached XP level 8. HP: 66/66 MP: 11/14
  6886 | D:5      | Found a sacrificial altar of Ru.
  6933 | D:5      | HP: 3/66 [Grinder (6)]
  6935 | D:5      | Killed Grinder
  7230 | D:5      | Reached skill level 5 in Dodging
  7458 | D:5      | Found a shadowy altar of Dithmenos.
  7530 | D:5      | Reached skill level 5 in Fighting
  7634 | D:5      | Found a basalt altar of Yredelemnul.
  7732 | D:6      | Offered knowledge of Throw Icicle by Vehumet.
  7806 | D:6      | Noticed baljet's ghost (novice MfIE)
  7847 | D:7      | Reached skill level 5 in Summonings
  8535 | D:7      | Reached XP level 9. HP: 68/75 MP: 15/15
  8709 | D:7      | Learned a level 2 spell: Blink
  9564 | D:8      | Reached **** piety under Vehumet
  9574 | D:8      | Reached skill level 5 in Poison Magic
  9984 | D:8      | Found an iron altar of Okawaru.
  9985 | D:8      | Found a shattered altar of Ashenzari.
  9990 | D:8      | Found an opulent altar of Gozag.
 10002 | D:8      | Found Kuplioff's Magic Scroll Boutique.
 10010 | D:8      | Bought a scroll of identify for 28 gold pieces
 10010 | D:8      | Bought a scroll of identify for 28 gold pieces
 10635 | D:9      | Reached skill level 5 in Conjurations
 10659 | D:9      | Offered knowledge of Bolt of Magma by Vehumet.
 10714 | D:9      | Found a staircase to the Lair.
 10992 | D:9      | Found a staircase to the Orcish Mines.
 11373 | D:9      | Found a bloodstained altar of Trog.
 11743 | D:9      | Reached XP level 10. HP: 45/84 MP: 13/17
 12008 | D:10     | Entered Level 10 of the Dungeon
 12024 | D:10     | Reached skill level 5 in Spellcasting
 12099 | D:10     | Noticed a cyclops
 12128 | D:10     | Killed a cyclops
 12128 | D:10     | Reached skill level 1 in Shields
 12670 | D:10     | Found Gicano Idwam's Magic Scroll Shoppe.
 12683 | D:10     | Bought a scroll of fear for 59 gold pieces
 12683 | D:10     | Bought a scroll of identify for 34 gold pieces
 12683 | D:10     | Bought a scroll of enchant weapon for 127 gold pieces
 12816 | D:10     | Reached skill level 1 in Maces & Flails
 12897 | D:10     | Reached ***** piety under Vehumet
 12975 | D:10     | Offered knowledge of Poison Arrow by Vehumet.
 12984 | D:10     | Learned a level 6 spell: Poison Arrow
 13188 | D:10     | Found a portal to a secret trove of treasure.
 13642 | Lair:1   | Entered Level 1 of the Lair of Beasts
 13697 | Lair:1   | Noticed a spiny frog
 13724 | Lair:1   | HP: 3/86 [spiny frog (23)]
 13725 | Lair:1   | Mangled by a spiny frog

Skill      XL: |  1  2  3  4  5  6  7  8  9 10 |
---------------+-------------------------------+-----
Dodging        | 2 3 4 5 6 7 |  7.0
Spellcasting   | 4 5 |  5.6
Conjurations   | 2 3 4 5 6 |  6.7
Fighting       | 1 2 4 5 6 7 |  7.5
Summonings     | 2 3 4 5 |  5.0
Poison Magic   | 1 4 6 |  6.8
Translocations | 3 |  3.0
Shields        | 2 |  2.7
Maces & Flails | 1 |  1.7
Stealth        | |  1.7

Action                   |  1- 3 |  4- 6 |  7- 9 | 10-12 || total
-------------------------+-------+-------+-------+-------++-------
Melee: Unarmed           |    16 |       |       |       ||    16
       Tailslap          |     4 |    22 |    49 |    22 ||    97
       Dagger            |    61 |       |       |       ||    61
       Whip              |     1 |   243 |    77 |       ||   321
       Trident           |       |       |   235 |    46 ||   281
       Morningstar       |       |       |   191 |   181 ||   372
       Great mace        |       |       |       |     4 ||     4
Throw: Stone             |       |     1 |       |       ||     1
 Cast: Magic Dart        |    92 |   120 |    70 |     4 ||   286
       Call Imp          |     1 |    23 |    30 |     2 ||    56
       Conjure Flame     |       |     2 |     2 |     6 ||    10
       Mephitic Cloud    |       |       |    19 |    15 ||    34
 Abil: Breathe Noxious F |       |       |    20 |     4 ||    24
  Use: Scroll            |     2 |     6 |    12 |     5 ||    25
       Potion            |       |     7 |     8 |     3 ||    18
 Stab: Sleeping          |       |     4 |     2 |     3 ||     9
       Paralysed         |       |     1 |       |       ||     1
       Distracted        |       |     1 |     1 |       ||     2
       Confused          |       |       |     6 |     8 ||    14
  Eat: Chunk             |     4 |    10 |    18 |     7 ||    39
       Meat ration       |       |       |     3 |       ||     3
       Fruit             |       |       |     3 |       ||     3
       Bread ration      |       |       |     1 |       ||     1
       Royal jelly       |       |       |     1 |     1 ||     2
       Pizza             |       |       |     1 |     1 ||     2
       Beef jerky        |       |       |     1 |     1 ||     2
Armor: Skin              |    51 |    87 |   212 |    74 ||   424
Dodge: Dodged            |    89 |   219 |   399 |   143 ||   850
Block: Buckler           |       |       |       |    34 ||    34
